 Dungeon Crawl Stone Soup version 0.31-a0-331-geda263fcf1 (webtiles) character file.

Game seed: 3639805025136163762

135114 Newt the Crack Shot (level 17, -4/97 HPs)
             Began as a Kobold Hunter on July 19, 2023.
             Was the Champion of Hepliaklqana.
             Slain by Agnes
             ... wielding a +0 lajatang
              (23 damage)
             ... on level 1 of the Spider Nest.
             The game lasted 00:29:38 (26921 turns).

Newt the Crack Shot (Kobold Hunter)                Turns: 26921, Time: 00:29:39

Health: -4/97      AC: 14    Str:  8    XL:     17   Next: 41%
Magic:  23/23      EV: 33    Int:  9    God:    Hepliaklqana [******]
Gold:   77         SH:  7    Dex: 27    Spells: 16/16 levels left

rFire   + . .        J - +7 hand crossbow "Globulus" {heavy, rC+ Dex+3}
rCold   + . .        I - +0 buckler
rNeg    + + +        V - +2 leather armour of the Gloaming {+Blink Regen+}
rPois   +            x - +0 hat
rElec   .            S - +2 cloak
rCorr   .            W - +1 pair of gloves of Orthodoxy {rPois Stlth+}
SInv    +            Y - +1 pair of boots of Wuejer {rN+++ Regen+ Int-2 Stlth+}
Will    +....        k - amulet of the acrobat
Stlth   +++++        d - +5 ring of evasion
HPRegen 1.96/turn    e - ring of Dim Light {Fly rPois rF+ Str-2 SInv}
MPRegen 0.18/turn

%: acrobat
@: flying
A: reduced essence, small, no large weapons, nightstalker 3
}: 1/15 runes: decaying
a: Renounce Religion, Evoke Blink, Recall Ancestor, Ancestor Identity,
Transference, Idealise


You were on level 1 of the Spider Nest.
You worshipped Hepliaklqana.
Hepliaklqana was exalted by your worship.
You visited 6 branches of the dungeon, and saw 25 of its levels.

You collected 2094 gold pieces.
You spent 2017 gold pieces at shops.

Inventory:

Hand Weapons
 a - a +2 heavy shortbow
 w - a +4 sling of draining
 J - the +7 hand crossbow "Globulus" (weapon) {heavy, rC+ Dex+3}
   (You acquired it on level 5 of the Dungeon)

   Dex:       It affects your dexterity (+3).
   rC:        It protects you from cold.
Missiles
 n - 2 throwing nets
Armour
 b - +0 ice dragon scales
 x - a +0 hat (worn)
 E - +2 storm dragon scales
 I - a +0 buckler (worn)
 S - a +2 cloak (worn)
 V - the +2 leather armour of the Gloaming (worn) {+Blink Regen+}
   (You found it on level 11 of the Dungeon)

   +Blink:    It lets you blink.
   Regen:     It increases your rate of health regeneration.
 W - the +1 pair of gloves of Orthodoxy (worn) {rPois Stlth+}
   (You found it on level 12 of the Dungeon)

   rPois:     It protects you from poison.
   Stlth:     It makes you more stealthy.
 Y - the +1 pair of boots of Wuejer (worn) {rN+++ Regen+ Int-2 Stlth+}
   (You bought it in a shop on level 2 of the Orcish Mines)

   Int:       It affects your intelligence (-2).
   rN:        It renders you almost immune to negative energy.
   Regen:     It increases your rate of health regeneration.
   Stlth:     It makes you more stealthy.
Jewellery
 d - a +5 ring of evasion (left hand)
 e - the ring of Dim Light (right hand) {Fly rPois rF+ Str-2 SInv}
   (You acquired it on level 5 of the Dungeon)

   [ring of poison resistance]

   Str:       It affects your strength (-2).
   rF:        It protects you from fire.
   rPois:     It protects you from poison.
   SInv:      It lets you see invisible.
   Fly:       It grants you flight.
 k - an amulet of the acrobat (around neck)
 C - an amulet of guardian spirit
 T - a +4 ring of protection
Wands
 m - a wand of polymorph (6)
 p - a wand of flame (20)
 s - a wand of iceblast (17)
 y - a wand of digging (11)
 H - a wand of charming (11)
 U - a wand of mindburst (10)
Scrolls
 c - a scroll of fear
 o - 2 scrolls of brand weapon
 z - 6 scrolls of revelation
 K - 10 scrolls of identify
 L - 4 scrolls of teleportation
 O - 2 scrolls of enchant weapon
Potions
 g - 3 potions of brilliance
 i - 5 potions of lignification
 r - 5 potions of curing
 t - a potion of cancellation
 u - 4 potions of enlightenment
 F - 3 potions of magic
 N - a potion of haste
 P - a potion of mutation
 R - a potion of berserk rage
 X - 2 potions of heal wounds
Miscellaneous
 Q - a phantom mirror (inert)
 Z - a phial of floods


   Skills:
 + Level 12.5 Fighting
 - Level 22.0 Ranged Weapons
 - Level 10.0 Armour
 - Level 14.0 Dodging
 - Level 1.3 Stealth
 - Level 7.0 Shields
 - Level 9.0 Invocations
 - Level 12.0 Evocations


You had 16 spell levels left.
You didn't know any spells.
Your spell library contained the following spells:

 Spells                   Type           Power      Damage    Failure   Level
 Apportation              Tloc           0%         N/A       61%         1
 Necrotise                Necr           0%         1d4       61%         1
 Summon Small Mammal      Summ           0%         N/A       61%         1
 Cigotuvi's Dreadful Rot  Necr/Pois/Air  0%         N/A       75%         2
 Sublimation of Blood     Necr           0%         N/A       75%         2
 Call Canine Familiar     Summ           0%         N/A       93%         3
 Ignite Poison            Fire/Tmut/Pois 0%         N/A       93%         3
 Portal Projectile        Hex/Tloc       0%         N/A       93%         3
 Vhi's Electric Charge    Tloc/Air       0%         N/A       93%         3
 Animate Dead             Necr           0%         N/A       100%        4
 Leda's Liquefaction      Hex/Erth       0%         N/A       100%        4
 Petrify                  Tmut/Erth      0%         N/A       100%        4
 Arcjolt                  Conj/Air       0%         1d10      100%        5
 Fireball                 Conj/Fire      0%         3d3       100%        5
 Freezing Cloud           Conj/Ice/Air   0%         6-21      100%        5
 Irradiate                Conj/Tmut      0%         3d11      100%        5
 Iskenderun's Battlesphe  Conj           0%         2d6       100%        5
 Conjure Ball Lightning   Conj/Air       0%         3x3d6     100%        6
 Leda's Unmaking          Conj/Erth      0%         9d1       100%        6
 Haunt                    Necr/Summ      0%         N/A       100%        7
 Orb of Destruction       Conj           0%         9d5       100%        7
 Spellforged Servitor     Conj/Summ      0%         N/A       100%        7
 Infestation              Necr           0%         N/A       100%        8
 Maxwell's Capacitive Co  Air            0%         ∞         100%        8


Dungeon Overview and Level Annotations

Branches:
Dungeon (12/15)            Temple (1/1) D:7            Lair (5/5) D:10
  Swamp (4/4) Lair:3       Spider (1/4) Lair:3        Slime (0/5) Lair:4
    Orc (2/2) D:12            Elf (0/3) Orc:2

Altars:
Ashenzari
Cheibriados
Dithmenos
Elyvilon
Fedhas
Gozag
Hepliaklqana
Kikubaaqudgha
Makhleb
Nemelex Xobeh
Okawaru
Qazlal
Ru
Sif Muna
Trog
Uskayaw
Vehumet
Wu Jian
Xom
Yredelemnul
Zin
The Shining One
Jiyva

Shops:
D:2 *   D:4 *   D:5 :=**?   Orc:2 :![!

Portals:
Abyss: D:4

Annotations:
D:4 2 transporters, Vomitron's ghost, amateur BaSh
Spider:1 Agnes


Innate Abilities, Weirdness & Mutations

Your life essence is reduced to manifest your ancestor. (-10% HP)
You are small and have problems with some larger weapons.
You are completely attuned to the shadows.


Message History

Something barely misses Agnes.
Agnes hits Agnes with a +0 lajatang!
Agnes dies!
Agnes's corpse shimmers and vanishes!
Unknown command.
Fire: J) +7 hand crossbow "Globulus" {heavy, rC+ Dex+3}
Press: ? - help, Shift-Dir - straight line, f - broodmother, p - Agnes
Aim: a broodmother (90% to hit)
You shoot a bolt. The bolt closely misses the culicivora.
The bolt hits the broodmother!
The broodmother is lightly wounded.
The culicivora barely misses you.
The broodmother is healed somewhat.
Unknown command.
Okay, then.
As you read the scroll of fear, it crumbles to dust.
You assume a fearsome visage.
Agnes resists with almost no effort.
The culicivora looks frightened!
The demonic crawler resists with almost no effort.
The broodmother looks frightened!
The redback looks frightened!
Okay, then.
Blink to where?
Press: ? - help, Dir - move target, p - broodmother
As you read the scroll of blinking, it crumbles to dust.
Okay, then.
Fire: J) +7 hand crossbow "Globulus" {heavy, rC+ Dex+3}
Press: ? - help, Shift-Dir - straight line, f - Agnes
Aim: Agnes, wielding a +0 lajatang and wearing a +0 robe (heavily wounded, 62% to hit)
You shoot a bolt. The bolt hits Agnes!!
Agnes is almost dead.
Agnes completely misses you. Agnes hits you with a +0 lajatang!
* * * LOW HITPOINT WARNING * * *
The jumping spider leaps!
Agnes completely misses you.
Unknown command.
Unknown command.
Fire: J) +7 hand crossbow "Globulus" {heavy, rC+ Dex+3}
Press: ? - help, Shift-Dir - straight line, f/p - Agnes
Aim: Agnes, wielding a +0 lajatang and wearing a +0 robe (almost dead, 62% to hit)
You shoot a bolt. The bolt hits Agnes!
Agnes is almost dead.
Agnes hits you with a +0 lajatang!!
You die...

...... ....s### #######
.......# #.....# ....s.s####
#.....##
.°#...sss.###..#..#..
##...... .
##.......#...#....# ##....#
###..#§.##..#....#####...###
#..#.°.......###.#.##..#..
####....i@..##.#....##....
#.....##[....##.........
#######......##(........
#..#......#####...#...
#.................#...
##..##>..........^##..
####^.....^#^<######.
##..#...#...... ##
###.##..#......


You could see Agnes.

Vanquished Creatures
  Aizul (Swamp:4)
  A thorn hunter (Swamp:1)
  2 orc warlords
  2 eleionomae (Swamp:2)
  3 bunyips
  An ettin (Orc:2)
  10 hydras
  4 ice dragons (Swamp:4)
  4 ghost crabs
  The ghost of IYTBazzie the Cleaver, a journeyman DrMo of Hepliaklqana (D:11)
  Erolcha (Orc:2)
  A centaur warrior (D:12)
  A merfolk avatar (Swamp:3)
  3 catoblepae (Lair:5)
  The ghost of Pooter the Cleaver, a novice MiBe of Trog (D:9)
  14 death yaks
  5 alligators
  2 two-headed ogres
  A radroach (Spider:1)
  2 demonic crawlers
  2 boulder beetles
  Nergalle (D:12)
  4 goliath frogs
  A pharaoh ant (Lair:3)
  7 bog bodies
  4 spriggan druids
  An orb spider (Spider:1)
  7 swamp dragons
  Pikel (D:7)
  An orc knight (Orc:2)
  12 orc sorcerers (Orc:2)
  4 wolf spiders (Spider:1)
  6 oklob plants
  A will-o-the-wisp (Swamp:2)
  2 cyclopes
  3 manticores
  Maurice (D:11)
  4 black mambas
  19 elephants
  A rime drake (Lair:4)
  A torpor snail (Lair:1)
  4 cane toads
  8 komodo dragons
  3 freezing wraiths (Swamp:4)
  3 kobold demonologists (D:9)
  2 trolls (Orc:2)
  A bloated husk (Swamp:2)
  A polar bear (D:11)
  3 hornets
  2 tarantellas
  A tyrant leech (Swamp:3)
  11 blink frogs
  5 dream sheep (Lair:5)
  A shadow (D:10)
  5 wraiths
  3 culicivoras
  6 slime creatures (D:12)
  5 spriggans
  35 yaks
  A wyvern (D:8)
  2 basilisks (Lair:1)
  5 swamp worm simulacra (Swamp:4)
  2 redbacks (Spider:1)
  Menkaure (D:4)
  13 swamp worms
  A warg (Orc:1)
  3 acid dragons
  10 water moccasins
  10 hydra simulacra (Swamp:4)
  A swamp drake (Swamp:1)
  An ice beast (D:6)
  12 orc warriors
  3 black bears
  5 ogres
  6 wolves
  3 centaurs
  A phantom (D:5)
  3 kobold brigands (D:9)
  10 bullfrogs
  A gnoll sergeant (D:9)
  5 scorpions
  3 wights (D:8)
  An oklob sapling (D:8)
  17 killer bees
  An electric eel (Lair:3)
  2 howler monkeys
  A vampire bat (Lair:4)
  2 gnoll boudas
  9 orc priests
  9 iguanas
  A sleepcap (D:7)
  Ijyb (D:3)
  Natasha (twice) (D:2)
  28 orc wizards
  16 gnolls
  11 adders
  2 shadow imps
  A white imp (D:8)
  An ufetubus (D:5)
  2 swamp drake simulacra (Swamp:4)
  4 dart slugs
  53 orcs
  An endoplasm (D:2)
  A giant cockroach (D:2)
  7 goblins
  10 hobgoblins
  3 jackals (D:8)
  3 quokkas
  14 ball pythons
  11 bats
  2 frilled lizards
  14 kobolds
  2 rats
576 creatures vanquished.

Vanquished Creatures (collateral kills)
  An eleionoma (Swamp:4)
  3 bunyips
  Josephine (Swamp:1)
  A hydra (Lair:3)
  A catoblepas (D:12)
  A boulder beetle (Lair:4)
  2 two-headed ogres
  2 alligators (Swamp:3)
  4 death yaks
  4 elephants
  A black mamba (Lair:4)
  2 unseen horrors
  2 cane toads (Lair:3)
  A freezing wraith (Swamp:4)
  2 trolls
  A tyrant leech (Swamp:1)
  2 hornets
  2 blink frogs
  A dream sheep (Lair:5)
  2 slime creatures (D:12)
  3 spriggans
  A wraith (Swamp:1)
  A culicivora (Lair:3)
  10 yaks
  2 basilisks
  2 redbacks (Spider:1)
  3 swamp worms
  An acid dragon (D:12)
  3 water moccasins
  4 hydra simulacra (Swamp:4)
  A floating eye (Lair:3)
  4 orc warriors
  2 ogres (Orc:2)
  4 wolves
  A kobold brigand (D:9)
  2 bullfrogs (Lair:2)
  A scorpion (D:10)
  2 wights (D:8)
  An oklob sapling (D:8)
  2 killer bees
  A howler monkey (D:10)
  2 orc priests
  11 orc wizards
  A swamp drake simulacrum (Swamp:4)
  8 orcs
  A jackal (D:8)
  A kobold (D:9)
  2 bats (Lair:4)
113 creatures vanquished.

Vanquished Creatures (others)
  A yak (D:10)
  A swamp worm (Swamp:2)
  A swamp drake (Swamp:4)
  2 ancestors (D:9)
  13 knights
18 creatures vanquished.

Grand Total: 707 creatures vanquished

Notes
Turn   | Place    | Note
-------+----------+-------------------------------------------
     0 | D:1      | Newt the Kobold Hunter began the quest for the Orb.
     0 | D:1      | Reached XP level 1. HP: 12/12 MP: 1/1
   274 | D:1      | Reached XP level 2. HP: 18/18 MP: 2/2
   519 | D:1      | Reached XP level 3. HP: 20/24 MP: 3/3
  1048 | D:2      | Found Zifuib's Assorted Antiques.
  1051 | D:2      | Bought a scroll of identify for 38 gold pieces
  1117 | D:2      | Found a shadowy altar of Dithmenos.
  1144 | D:2      | Identified the +4 war axe of Kuth {flame, *Rage rPois rF++
                  | rN+}
  1229 | D:2      | Noticed Natasha
  1236 | D:2      | Killed Natasha
  1237 | D:2      | Reached XP level 4. HP: 11/30 MP: 4/4
  1314 | D:2      | Noticed Natasha
  1320 | D:2      | Killed Natasha
  1321 | D:2      | Reached skill level 5 in Fighting
  1427 | D:2      | Found a faded altar of an unknown god.
  1515 | D:3      | Reached XP level 5. HP: 35/35 MP: 5/5
  1582 | D:3      | Noticed Ijyb
  1587 | D:3      | Killed Ijyb
  1588 | D:3      | Reached skill level 6 in Ranged Weapons
  2276 | D:4      | Found a glowing silver altar of Zin.
  2290 | D:4      | Found Pimp's General Store.
  2335 | D:4      | Reached skill level 7 in Ranged Weapons
  2335 | D:4      | Reached XP level 6. HP: 31/40 MP: 6/6
  2448 | D:4      | Reached skill level 8 in Ranged Weapons
  2739 | D:4      | Noticed Menkaure
  2743 | D:4      | Killed Menkaure
  2744 | D:4      | Reached skill level 9 in Ranged Weapons
  2744 | D:4      | Reached XP level 7. HP: 44/44 MP: 7/7
  3213 | D:4      | Found a transporter.
  3223 | D:4      | Found a transporter.
  3240 | D:4      | Found a one-way gate to the infinite horrors of the Abyss.
  3240 | D:4      | Noticed Vomitron's ghost (amateur BaSh)
  3358 | D:5      | Entered Level 5 of the Dungeon
  3358 | D:5      | Noticed a water moccasin
  3371 | D:5      | Killed a water moccasin
  3372 | D:5      | Reached skill level 10 in Ranged Weapons
  3605 | D:5      | Found Iluuwos's Magic Scroll Boutique.
  3615 | D:5      | Bought a scroll of identify for 30 gold pieces
  3615 | D:5      | Bought a scroll of identify for 30 gold pieces
  3615 | D:5      | Bought a scroll of identify for 30 gold pieces
  3615 | D:5      | Bought a scroll of identify for 30 gold pieces
  3739 | D:5      | Found Offeta's General Store.
  3797 | D:5      | Found Zesuoveu's Jewellery Boutique.
  3847 | D:5      | Reached XP level 8. HP: 49/49 MP: 8/8
  3995 | D:5      | Reached skill level 5 in Dodging
  4001 | D:5      | Found Sarotwock's General Store.
  4328 | D:5      | Found Gaamoupp's Book Boutique.
  4346 | D:5      | Found a radiant altar of Vehumet.
  4397 | D:5      | Found a snail-covered altar of Cheibriados.
  5062 | D:6      | Reached XP level 9. HP: 58/58 MP: 9/9
  5826 | D:7      | Found a staircase to the Ecumenical Temple.
  6000 | Temple   | Entered the Ecumenical Temple
  6009 | Temple   | Became a worshipper of Hepliaklqana the Forgotten
  6052 | D:7      | Noticed Pikel
  6059 | D:7      | Killed Pikel
  6060 | D:7      | Reached skill level 12 in Ranged Weapons
  6373 | D:7      | Found a stormy altar of Qazlal.
  6721 | D:7      | Reached skill level 13 in Ranged Weapons
  6934 | D:8      | Reached * piety under Hepliaklqana
  7015 | D:8      | Reached XP level 10. HP: 57/57 MP: 10/10
  7023 | D:8      | Reached skill level 14 in Ranged Weapons
  7097 | D:8      | Found a sacrificial altar of Ru.
  7183 | D:8      | Reached skill level 15 in Ranged Weapons
  7413 | D:8      | Reached skill level 1 in Armour
  8227 | D:8      | Reached skill level 1 in Evocations
  8663 | D:9      | Reached skill level 5 in Evocations
  8729 | D:9      | Noticed a kobold demonologist
  8741 | D:9      | Killed a kobold demonologist
  8742 | D:9      | Reached XP level 11. HP: 50/61 MP: 11/11
  8808 | D:9      | Found a runed translucent door.
  8809 | D:9      | Noticed Pooter's ghost (novice MiBe)
  8828 | D:9      | Reached ** piety under Hepliaklqana
  9046 | D:9      | Noticed a sixfirhy
  9060 | D:9      | Reached skill level 16 in Ranged Weapons
  9178 | D:9      | Remembered your ancestor Shedsu-nefertum as a knight
  9952 | D:9      | Killed Pooter's ghost
 10201 | D:10     | Entered Level 10 of the Dungeon
 10206 | D:10     | Noticed a two-headed ogre
 10214 | D:10     | Killed a two-headed ogre
 10215 | D:10     | Reached skill level 17 in Ranged Weapons
 10397 | D:10     | Reached skill level 18 in Ranged Weapons
 10412 | D:10     | Reached skill level 1 in Shields
 10513 | D:10     | Found a staircase to the Lair.
 10738 | D:10     | Noticed a cyclops
 10748 | D:10     | Killed a cyclops
 10831 | D:10     | Reached XP level 12. HP: 65/65 MP: 12/12
 11014 | Lair:1   | Entered Level 1 of the Lair of Beasts
 11125 | Lair:1   | Noticed a boulder beetle
 11142 | Lair:1   | Killed a boulder beetle
 11143 | Lair:1   | Reached skill level 5 in Shields
 11293 | Lair:1   | Reached skill level 5 in Armour
 11647 | Lair:1   | Reached *** piety under Hepliaklqana
 12538 | Lair:2   | Noticed a four-headed hydra
 12548 | Lair:2   | Killed a four-headed hydra
 12549 | Lair:2   | Reached XP level 13. HP: 69/70 MP: 13/13
 12723 | Lair:2   | Reached **** piety under Hepliaklqana
 12794 | Lair:2   | Noticed a seven-headed hydra
 12804 | Lair:2   | Killed a seven-headed hydra
 12993 | Lair:2   | Noticed a seven-headed hydra
 13005 | Lair:2   | Killed a seven-headed hydra
 13643 | Lair:3   | Found a hole to the Spider Nest.
 13717 | Lair:3   | Noticed a five-headed hydra
 13735 | Lair:3   | Killed a five-headed hydra
 13736 | Lair:3   | Reached skill level 10 in Armour
 14290 | Lair:3   | Paralysed by a floating eye for 3 turns
 14298 | Lair:3   | Paralysed by a floating eye for 4 turns
 14307 | Lair:3   | Paralysed by a floating eye for 4 turns
 14361 | Lair:3   | HP: 3/72 [yak (11)]
 14761 | Lair:3   | Reached skill level 10 in Fighting
 14783 | Lair:3   | Noticed an eight-headed hydra
 14794 | Lair:3   | Killed an eight-headed hydra
 15647 | Lair:3   | Reached XP level 14. HP: 37/81 MP: 14/14
 15797 | Lair:3   | Found a staircase to the Swamp.
 16307 | D:5      | Bought a scroll of acquirement for 624 gold pieces
 16307 | D:5      | Acquired the +7 hand crossbow "Globulus" {heavy, rC+ Dex+3}
 16621 | Lair:4   | HP: 3/81 [death yak (17)]
 17449 | Lair:4   | Found a viscous altar of Jiyva.
 17456 | Lair:4   | Reached skill level 1 in Invocations
 17456 | Lair:4   | Found a staircase to the Slime Pits.
 17651 | Lair:4   | Identified the +9 falchion "Zuwkit" {heavy, rC+ Str+2 SInv}
 17681 | Lair:4   | Reached skill level 5 in Invocations
 18149 | Lair:5   | Entered Level 5 of the Lair of Beasts
 18429 | Lair:5   | Reached ***** piety under Hepliaklqana
 19076 | Lair:5   | Reached skill level 19 in Ranged Weapons
 19076 | Lair:5   | Reached XP level 15. HP: 74/86 MP: 21/21
 19546 | D:11     | Found a hazy altar of Hepliaklqana.
 19612 | D:11     | Noticed Maurice
 19618 | D:11     | Killed Maurice
 19685 | D:11     | Reached skill level 20 in Ranged Weapons
 20200 | D:11     | Identified the +2 leather armour of the Gloaming {+Blink
                  | Regen+}
 20232 | D:11     | Found a runed translucent door.
 20548 | D:11     | Noticed IYTBazzie's ghost (journeyman DrMo)
 20559 | D:11     | Identified the +4 trident of Ozefod {flame, +Blink Fly
                  | rCorr}
 20614 | D:11     | Killed IYTBazzie's ghost
 20898 | D:12     | Identified the +1 pair of gloves of Orthodoxy {rPois
                  | Stlth+}
 20975 | D:12     | Reached skill level 21 in Ranged Weapons
 21483 | D:12     | Found a staircase to the Orcish Mines.
 21510 | D:12     | Noticed Nergalle
 21514 | D:12     | Killed Nergalle
 21615 | Orc:1    | Entered Level 1 of the Orcish Mines
 21664 | Orc:1    | Noticed an orc warlord
 21675 | Orc:1    | Killed an orc warlord
 21822 | Orc:2    | Entered Level 2 of the Orcish Mines
 21872 | Orc:2    | Reached skill level 22 in Ranged Weapons
 21884 | Orc:2    | Noticed an orc warlord
 21891 | Orc:2    | Killed an orc warlord
 22234 | Orc:2    | Found a staircase to the Elven Halls.
 22422 | Orc:2    | Found Caler's Book Emporium.
 22443 | Orc:2    | Found a radiant altar of Vehumet.
 22450 | Orc:2    | Found Bithrilo's Distillery.
 22455 | Orc:2    | Noticed Erolcha
 22458 | Orc:2    | Killed Erolcha
 22485 | Orc:2    | Found an ancient bone altar of Kikubaaqudgha.
 22544 | Orc:2    | Reached XP level 16. HP: 90/90 MP: 22/22
 22550 | Orc:2    | Found Ucauduar's Distillery.
 22556 | Orc:2    | Bought a potion of heal wounds for 85 gold pieces
 22556 | Orc:2    | Bought a potion of heal wounds for 85 gold pieces
 22570 | Orc:2    | Found Cajish's Antique Armour Emporium.
 22575 | Orc:2    | Bought a pair of warped boots for 285 gold pieces
 22575 | Orc:2    | Identified the +1 pair of boots of Wuejer {rN+++ Regen+
                  | Int-2 Stlth+} (You bought it in a shop on level 2 of the
                  | Orcish Mines)
 23300 | Swamp:1  | Entered Level 1 of the Swamp
 23343 | Swamp:1  | Noticed a thorn hunter
 23347 | Swamp:1  | Killed a thorn hunter
 23420 | Swamp:1  | Reached skill level 10 in Dodging
 23627 | Swamp:1  | Noticed Josephine
 23631 | Swamp:1  | Killed Josephine
 23957 | Swamp:2  | Found a burning altar of Makhleb.
 24110 | Swamp:2  | Reached ****** piety under Hepliaklqana
 25023 | Swamp:4  | Entered Level 4 of the Swamp
 25053 | Swamp:4  | Noticed Aizul
 25063 | Swamp:4  | Killed Aizul
 25065 | Swamp:4  | Reached XP level 17. HP: 63/95 MP: 23/23
 25186 | Swamp:4  | Reached skill level 10 in Evocations
 25255 | Swamp:4  | Got a decaying rune of Zot
 26285 | D:5      | Bought a scroll of acquirement for 780 gold pieces
 26285 | D:5      | Acquired the ring of Dim Light {Fly rPois rF+ Str-2 SInv}
 26556 | Spider:1 | Entered Level 1 of the Spider Nest
 26908 | Spider:1 | Noticed Agnes
 26921 | Spider:1 | Slain by Agnes

Illustrated notes

Levels and vault maps discovered:
D:1:      wheals_arrival_linesprint, layout_basic
D:2:      layout_basic, basic_altar, hellmonk_ecumenical_altar_inner_sanctum,
          serial_shops, shop, nicolae_concentric_dashed_squares_mild,
          uniq_natasha
D:3:      layout_basic, uniq_ijyb
D:4:      layout_loops_ring, zin_academy, gammafunk_ghost_abyssal_escape,
          serial_shops, nicolae_shop_crystal, kennysheep_pointless_box,
          uniq_menkaure
D:5:      layout_basic, mainiacjoe_overflow_catwalk_spiral, serial_shops,
          nicolae_shop_peninsula, nicolae_shop_advertising_works
          [nicolae_subvault_shop_adworks], nicolae_book_shop_shelving,
          nicolae_shop_just_a_little_nook, nicolae_stop_n_shop_1, st_stairs_3
D:6:      layout_loops_ring
D:7:      layout_basic, nicolae_qazlal_eye_of_the_storm,
          minmay_temple_entry_drinking_statues, uniq_pikel
D:8:      layout_gridville, amcnicky_altar_gilded, introduction_to_nature_2
D:9:      layout_irregular_city, gammafunk_ghost_grave
D:10:     layout_rooms, due_lair_maze_entry_diamond
D:11:     layout_stronghold, ebering_ghost_funeral_grove, corner_web_ring,
          nicolae_hepliaklqana_hazy_memory, uniq_maurice
D:12:     layout_basic, orc_0_dummy, minmay_three_doors, uniq_nergalle
Temple:   nicolae_temple_bog_church
Lair:1:   layout_regular_city, dreamdust_mushroom_princess
Lair:2:   cheibrodos_lair_river_kwai, layout_chaotic_city
Lair:3:   layout_cave_shapes, nicolae_swamp_entry_splash_gauntlet,
          hellmonk_spider_entry_life_and_decay, disabler_island,
          serial_bayou_shore_b
Lair:4:   layout_gridlike, minmay_slime_entry_oklob_enclosed, roderic_batcave
Lair:5:   evilmike_catoblepas_cave, layout_gridlike, serial_bayou_shore_b,
          infiniplex_staircase_pool_2
Swamp:1:  cheibrodos_swamp_tower_of_moss, layout_basic_swamp,
          nicolae_swamp_bean_lake, swamp_pool3, uniq_josephine
Swamp:2:  layout_basic_swamp, basic_altar, infiniplex_staircase_pool
Swamp:3:  layout_falls_marsh, evilmike_swamp_ruin_house_6,
          grunt_lady_of_the_lake
Swamp:4:  swamp_icy, layout_basic_swamp, swamp_pool2,
          nicolae_swamp_feature_on_the_river_bank, uniq_aizul
Spider:1: layout_spider_delve, uniq_agnes
Orc:1:    layout_caves
Orc:2:    kennysheep_orc_mage_school, layout_diamond_mine

Skill      XL: |  1  2  3  4  5  6  7  8  9 10 11 12 13 14 15 16 17 |
---------------+----------------------------------------------------+-----
Fighting       | 3 4 5 7 8 11 12 | 12.5
Ranged Weapons | 7 9 10 13 15 18 19 22 | 22.0
Dodging        | 4 6 8 14 | 14.0
Armour         | 4 7 10 | 10.0
Evocations     | 6 9 12 | 12.0
Shields        | 3 7 |  7.0
Invocations    | 9 |  9.0
Stealth        | |  1.3

Action                     |  1- 3 |  4- 6 |  7- 9 | 10-12 | 13-15 | 16-18 || total
---------------------------+-------+-------+-------+-------+-------+-------++-------
  Melee: Shortbow          |       |       |     1 |       |       |       ||     1
   Fire: Shortbow          |    67 |    87 |   139 |       |       |       ||   293
         Sling             |       |       |    54 |   635 |   331 |       ||  1020
         Hand crossbow     |       |       |       |       |   341 |   297 ||   638
 Invoke: Recall Ancestor   |       |       |       |     2 |     4 |       ||     6
         Ancestor Life: Kn |       |       |       |     1 |       |       ||     1
         Transference      |       |       |       |       |     1 |       ||     1
  Evoke: Wand              |       |       |       |     7 |     1 |       ||     8
         Phantom mirror    |       |       |       |       |     1 |     1 ||     2
    Use: Scroll            |     4 |     1 |    12 |     5 |     7 |     5 ||    34
         Potion            |       |       |       |     7 |     3 |     1 ||    11
 Armour: Leather armour    |     4 |     5 |    13 |     5 |     6 |    21 ||    54
         Acid dragon scale |       |       |       |    45 |    36 |       ||    81
         Storm dragon scal |       |       |       |       |    28 |       ||    28
         Ice dragon scales |       |       |       |       |       |     2 ||     2
  Dodge: Dodged            |    36 |    56 |   123 |   309 |   273 |   179 ||   976
  Block: Buckler           |       |       |       |    12 |   122 |    55 ||   189

Table legend: (Time is in decaauts)
 A = Elapsed time spent in this place.
 B = Non-inter-level travel time spent in this place.
 C = Inter-level travel time spent in this place.
 D = Time resting spent in this place.
 E = Time spent auto-exploring this place.
 F = Levels seen in this place.
 G = Mean time per level.
                   A        B        C        D        E       F      G
               +--------+--------+--------+--------+--------+-----+--------+
         Total |  27578 |  25127 |   2451 |   5133 |  16321 |  25 | 1103.1 |
       Dungeon |  14115 |  12765 |   1350 |   2522 |   8622 |  12 | 1176.2 |
        Temple |     18 |      1 |     17 |      0 |      0 |   1 |   18.0 |
          Lair |   8446 |   7609 |    837 |   2099 |   4425 |   5 | 1689.2 |
         Swamp |   3127 |   2936 |    191 |    212 |   2076 |   4 |  781.8 |
   Spider Nest |    359 |    359 |      0 |     51 |    231 |   1 |  359.0 |
  Orcish Mines |   1510 |   1457 |     53 |    249 |    967 |   2 |  755.0 |
               +--------+--------+--------+--------+--------+-----+--------+

Top non-repeatable levels by time:
  Lair:3: 2808 daAuts
     D:9: 1864 daAuts
  Lair:1: 1703 daAuts
     D:8: 1577 daAuts
  Lair:2: 1415 daAuts
     D:7: 1381 daAuts
    D:11: 1369 daAuts
     D:5: 1337 daAuts
  Lair:5: 1302 daAuts
     D:6: 1295 daAuts
   Orc:2: 1284 daAuts
  Lair:4: 1216 daAuts
     D:4: 1124 daAuts
 Swamp:4: 1118 daAuts
     D:1: 940 daAuts
